 Dungeon Crawl Stone Soup version 0.31-a0-364-gb59cdcccf2 (webtiles) character file.

Game seed: 11730488699725439194

161035 Flugkiller the Metamorph (level 17, -13/227 HPs)
             Began as a Troll Shapeshifter on July 27, 2023.
             Was a Follower of Uskayaw.
             Mangled by a ghost moth (23 damage)
             ... on level 4 of the Spider Nest.
             The game lasted 00:26:16 (23154 turns).

Flugkiller the Metamorph (Troll Shapeshifter)      Turns: 23154, Time: 00:26:17

Health: -13/227    AC:  2    Str: 31 (33) XL:     17   Next: 19%
Magic:  5/23       EV: 10    Int:  0 (4)  God:    Uskayaw [*.....]
Gold:   345        SH:  0    Dex: 13 (16) Spells: 16/16 levels left

rFire   . .          .
                       - Unarmed
rCold   . . .        U - +8 tower shield
rNeg    + . .        a - melded +0 fire dragon scales
rPois   ∞            K - +2 hat {Stlth+}
rElec   +            O - scarf {repulsion}
rCorr   .            (gloves unavailable)
SInv    .            (boots unavailable)
Will    +....        F - amulet of regeneration
Stlth   ++           L - +6 ring of dexterity
HPRegen 2.17/turn    v - +5 ring of evasion
MPRegen 0.18/turn

%: repel missiles
@: confused, statue-form, corroded, on berserk cooldown, held, hasted and
slowed, lost intelligence, unable to read, very slow
A: slow and powerful, torment resistance 1, boosted hp, large, unfitting armour,
claws 3, regeneration 1, (shaggy fur 1), (tough skin 1)
a: Begin Untransformation, Renounce Religion, Stomp


You were on level 4 of the Spider Nest.
You worshipped Uskayaw.
Uskayaw was aware of your devotion.
You were a living statue of rough stone.
You visited 5 branches of the dungeon, and saw 27 of its levels.
You also visited: Ossuary and Ice Cave.

You collected 2049 gold pieces.
You spent 1704 gold pieces at shops.

Inventory:

Missiles
 p - 3 throwing nets
 C - 2 curare-tipped darts
Armour
 a - +0 fire dragon scales (melded)
   (You took it off an orc on level 4 of the Dungeon)
 J - a +0 troll leather armour
   (You found it on level 11 of the Dungeon)
 K - a +2 hat of stealth (worn)
   (You took it off Gastronok on level 1 of the Lair of Beasts)
 O - a scarf of repulsion (worn)
   (You found it on level 3 of the Lair of Beasts)
 S - the -2 kite shield of Experimentation {Regen+}
   (You took it off Asterion on level 2 of the Spider Nest)

   Regen:     It increases your rate of health regeneration.
 U - a +8 tower shield (worn)
   (You took it off Louise on level 4 of the Spider Nest)
Jewellery
 f - a ring of flight
   (You found it on level 1 of the Dungeon)
 i - a ring of see invisible
   (You found it on level 3 of the Spider Nest)
 m - a ring of willpower
   (You found it on level 2 of the Lair of Beasts)
 v - a +5 ring of evasion (right claw)
   (You bought it in a shop on level 7 of the Dungeon)
 F - an amulet of regeneration (around neck)
   (You found it on level 13 of the Dungeon)
 I - a ring of resist corrosion
   (You found it on level 1 of the Dungeon)
 L - a +6 ring of dexterity (left claw)
   (You found it on level 13 of the Dungeon)
Talismans
 N - a granite talisman
   (You bought it in a shop on level 11 of the Dungeon)
Wands
 e - a wand of polymorph (5)
   (You found it on level 1 of the Spider Nest)
 l - a wand of roots (17)
   (You found it on level 3 of the Dungeon)
 H - a wand of mindburst (2)
   (You found it on level 10 of the Dungeon)
 R - a wand of flame (16)
   (You found it on level 14 of the Dungeon)
 T - a wand of quicksilver (3)
   (You found it on level 3 of the Spider Nest)
Scrolls
 r - 6 scrolls of identify
 s - 2 scrolls of butterflies
 t - 5 scrolls of teleportation
 u - 5 scrolls of poison
 z - a scroll of blinking
 B - a scroll of silence
 G - 3 scrolls of vulnerability
 P - 4 scrolls of fog
 Q - 4 scrolls of immolation
Potions
 b - 5 potions of lignification
 d - 6 potions of might
 h - a potion of haste
 k - 2 potions of mutation
 n - a potion of resistance
 o - 2 potions of brilliance
 q - 2 potions of curing
 w - 3 potions of heal wounds
 A - 7 potions of attraction
 D - 5 potions of magic
 E - 4 potions of enlightenment
 M - a potion of ambrosia
Miscellaneous
 c - a phantom mirror
   (You found it on level 12 of the Dungeon)
 g - a sack of spiders
   (You found it on level 12 of the Dungeon)
 y - a lightning rod (4/4)
   (You found it on level 5 of the Lair of Beasts)


   Skills:
 + Level 12.6 Fighting
 - Level 6.3 Dodging
 * Level 5.2 Shields
 + Level 13.5 Unarmed Combat
 - Level 10.0 Invocations
 - Level 7.0 Evocations
 - Level 16.3 Shapeshifting


You had 16 spell levels left.
You didn't know any spells.
Your spell library contained the following spells:

 Spells                   Type           Power      Damage    Failure   Level
 Apportation              Tloc           0%         N/A       95%         1
 Foxfire                  Conj/Fire      0%         2x1d4     95%         1
 Blink                    Tloc           0%         N/A       99%         2
 Cigotuvi's Dreadful Rot  Necr/Pois/Air  0%         N/A       99%         2
 Hailstorm                Conj/Ice       0%         3d3       100%        3
 Ignite Poison            Fire/Tmut/Pois 0%         N/A       100%        3
 Inner Flame              Hex/Fire       0%         N/A       100%        3
 Ozocubu's Armour         Ice            0%         N/A       100%        3
 Vhi's Electric Charge    Tloc/Air       0%         N/A       100%        3
 Animate Dead             Necr           0%         N/A       100%        4
 Flame Wave               Conj/Fire      0%         2d4       100%        4
 Passage of Golubria      Tloc           0%         N/A       100%        4
 Sticky Flame             Conj/Fire      0%         2d3       100%        4
 Summon Ice Beast         Ice/Summ       0%         N/A       100%        4
 Alistair's Intoxication  Tmut/Pois      0%         N/A       100%        5
 Borgnjor's Vile Clutch   Necr/Erth      0%         N/A       100%        5
 Freezing Cloud           Conj/Ice/Air   0%         6-21      100%        5
 Metabolic Englaciation   Hex/Ice        0%         N/A       100%        5
 Silence                  Hex/Air        0%         N/A       100%        5
 Death Channel            Necr           0%         N/A       100%        6
 Plasma Beam              Fire/Air       0%         2x1d10    100%        6
 Simulacrum               Ice/Necr       0%         N/A       100%        6
 Starburst                Conj/Fire      0%         6d3       100%        6
 Ozocubu's Refrigeration  Ice            0%         4d7       100%        7
 Lehudib's Crystal Spear  Conj/Erth      0%         10d2      100%        8
 Polar Vortex             Ice            0%         N/A       100%        9


Dungeon Overview and Level Annotations

Branches:
Dungeon (15/15) Zot: 23368  Temple (1/1) D:6 Zot: 5936    Lair (5/5) D:10 Zot: 24624
 Shoals (0/4) Lair:3       Spider (4/4) Lair:2 Zot: 19713   Slime (0/5) Lair:5
    Orc (2/2) D:9 Zot: 10672     Elf (0/3) Orc:2        Vaults (0/5) D:13
 Depths (0/4) D:15        Ossuary (visited)           IceCv (visited)

Altars:
Ashenzari
Cheibriados
Dithmenos
Elyvilon
Fedhas
Gozag
Hepliaklqana
Kikubaaqudgha
Makhleb
Nemelex Xobeh
Okawaru
Qazlal
Ru
Sif Muna
Trog
Uskayaw
Vehumet
Wu Jian
Xom
Yredelemnul
Zin
The Shining One

Shops:
D:1 [   D:7 =   D:11 =   D:15 (   Orc:2 [[[(

Annotations:
D:12 3 runed translucent doors, Xqipyl's ghost, journeyman GrFE
Lair:5 exclusion: oklob plant


Innate Abilities, Weirdness & Mutations

You are a living statue of rough stone.
Your actions are slow, but your melee attacks are powerful.
You are resistant to unholy torment.
Your maximum health is greatly increased.
Your equipment is partially melded.
You are too large for most types of armour.
You are immune to poison.
You have claws for hands.
Your natural rate of healing is unusually fast.
((You are covered in fur. (AC +1)))
((You have tough skin. (AC +1)))


Message History

The bolt of negative energy misses you. The jumping spider barely misses you.
You block the jumping spider's attack.
The tarantella touches you but does no damage.
The tarantella completely misses you. The tarantella barely misses you.
The jumping spider misses you. You block the jumping spider's attack.
The entropy weaver points at you and mumbles some strange words.
The entropic weave corrodes you! The tarantella touches you!
You are confused.
The tarantella touches you! The tarantella completely misses you.
A tarantella comes into view.
The jumping spider pounces on you.
The jumping spider completely misses you.
Unknown command.
You closely miss the tarantella.
The tarantella touches you but does no damage.
The tarantella touches you!
The tarantella touches you but does no damage.
The jumping spider closely misses you. The jumping spider bites you.
A tarantella comes into view.
The tarantella touches you. The tarantella touches you!
The jumping spider leaps!
The tarantella's many legs skitter faintly.
You eviscerate the tarantella!!!
You kill the tarantella!
The tarantella touches you.
The tarantella touches you but does no damage.
The tarantella touches you! The redback bites you.
The jorogumo hits you but does no damage.
The tarantella misses you. The entropy weaver hits you!
The entropy weaver misses you.
The entropy weaver completely misses you.
The entropy weaver closely misses you.
The tarantella touches you but does no damage.
The tarantella attacks as you move away!
The tarantella touches you.
You are more confused.
The tarantella closely misses you. The redback closely misses you.
The tarantella touches you! The redback misses you.
The tarantella attacks as you move away!
The tarantella touches you! The redback attacks as you move away!
The redback barely misses you.
You feel a strong urge to attack something.
The tarantella closely misses you.
The tarantella touches you but does no damage.
The tarantella touches you but does no damage.
The redback attacks as you move away! The redback bites you.
You are caught in the web!
You feel your anger nearly subside.
You are no longer berserk.
You are exhausted.
You feel yourself slow down.
You feel you are being watched by something.
You feel your power leaking away. The tarantella completely misses you.
There is a web here.
Unknown command.
You feel yourself speed up.
The redback bites you but does no damage.
The tarantella misses you. The tarantella completely misses you.
The redback barely misses you.
The tarantella touches you but does no damage.
Something hits you! Something hits you but does no damage.
Something stings you but does no damage.
The tarantella touches you!
The entropy weaver points at you and mumbles some strange words.
The entropic weave corrodes you! The redback bites you.
The tarantella touches you! Something hits you.
Something hits you but does no damage. Something stings you!
The tarantella touches you but does no damage.
The redback bites you.
The entropy weaver casts a spell at you.
The entropic weave corrodes you! The tarantella touches you.
Something hits you but does no damage. Something hits you!
Something stings you.
Unknown command.
Okay, then.
You struggle to detach yourself from the web.
The tarantella touches you. The redback bites you. The tarantella touches you.
The tarantella closely misses you.
You feel you are being watched by something.
You feel your power leaking away. Something hits you but does no damage.
Something hits you!
* * * LOW HITPOINT WARNING * * *
Something stings you!
* * * LOW HITPOINT WARNING * * *
You feel clumsy. The jorogumo hits you!!
* * * LOW HITPOINT WARNING * * *
The redback barely misses you. The tarantella touches you.
* * * LOW HITPOINT WARNING * * *
The tarantella touches you.
* * * LOW HITPOINT WARNING * * *
The entropy weaver points at you and mumbles some strange words.
The entropic weave corrodes you!
The wolf spider's many legs skitter.
Unknown command.
You struggle to detach yourself from the web.
The tarantella touches you!
* * * LOW HITPOINT WARNING * * *
Something hits you!!
You die...

######### #####.......^.#
#####
^.............^####....##
..H{s.### ###.HH8........
##.B...###^..ssss.####.
##..s.....s...Bss###
#...†^.s......s.ss###
.......#...#........#
..#...##
^###...#..ss..^..
.###...# .#^^.###.s...##.
..#....^. ..... ......#
.....^..^...^^. ......+


You could see 2 jorogumos, an entropy weaver, a wolf spider, an orb spider
(charged), a jumping spider, 6 tarantellas and a redback.

Vanquished Creatures
  Arachne (Spider:2)
  Asterion (Spider:2)
  Gastronok (Lair:1)
  2 emperor scorpions
  A ghost moth (Spider:4)
  Louise (Spider:4)
  2 broodmothers
  The ghost of Oxudiuje the Basher, a journeyman HuFi of Okawaru (D:15)
  Azrael (Spider:2)
  2 spark wasps (Spider:3)
  An ettin (D:13)
  6 entropy weavers
  A fire dragon (D:13)
  A great orb of eyes (D:15)
  2 catoblepae
  2 ogre magi (D:15)
  3 hydras
  A merfolk avatar (Lair:5)
  A rakshasa (D:15)
  4 jorogumos
  13 two-headed ogres
  4 centaur warriors
  2 radroaches
  A death knight (D:14)
  2 boulder beetles
  4 death yaks
  2 demonic crawlers
  Urug (Lair:1)
  3 sun demons
  Nergalle (Orc:1)
  A skyshark (Lair:5)
  2 skeletal warriors (D:14)
  A fire crab (shapeshifter) (D:13)
  2 shadow wraiths (D:15)
  An iron troll (D:13)
  8 pharaoh ants
  4 sea snakes (Lair:5)
  7 orb spiders
  A bog body (IceCv)
  A necromancer (IceCv)
  2 harpies (Lair:5)
  A harpy (shapeshifter) (D:14)
  2 phantasmal warriors (D:15)
  A deep elf pyromancer (D:15)
  6 steelbarb worms
  9 cyclopes
  A cyclops (shapeshifter) (D:13)
  A mana viper (shapeshifter) (D:15)
  11 wolf spiders
  6 orc sorcerers (Orc:2)
  24 ugly things
  6 manticores
  3 moths of wrath
  16 elephants
  4 black mambas (Lair:5)
  A torpor snail (Spider:2)
  Maggie (D:7)
  2 ice statues (IceCv)
  2 merfolk sirens (Lair:3)
  2 smoke demons
  17 cane toads
  4 rime drakes
  2 unseen horrors
  10 komodo dragons
  3 freezing wraiths
  2 efreet
  4 anaconda simulacra (IceCv)
  5 ice devils (IceCv)
  A kobold demonologist (D:14)
  2 tengu conjurers (D:15)
  4 trolls
  The ghost of Vorhees the Skirmisher, an amateur GnHu of Nemelex Xobeh (D:4)
  A tarantella (shapeshifter) (D:13)
  2 merfolk (Lair:3)
  2 polar bears (Lair:5)
  3 meliai (Spider:2)
  17 tarantellas
  5 hornets
  A snapping turtle (Lair:5)
  12 dream sheep (Lair:5)
  10 blink frogs
  18 jumping spiders
  20 slime creatures
  8 wyverns
  A vampire (D:11)
  17 culicivoras
  A spriggan (Lair:1)
  A shadow (D:9)
  3 fire elementals (Spider:2)
  2 steam dragons (Lair:5)
  61 yaks
  6 basilisks
  2 death yak simulacra (IceCv)
  9 vampire mosquitoes
  36 redbacks
  9 wargs (Orc:2)
  3 harpy simulacra (IceCv)
  A naga (shapeshifter) (D:15)
  3 hydra simulacra (IceCv)
  22 water moccasins
  Duvessa (D:7)
  2 hell hounds (Spider:2)
  11 orc warriors
  3 ice beasts (D:6)
  5 black bears
  12 wolves
  12 centaurs
  8 ogres
  2 phantoms (D:6)
  4 kobold brigands
  Blork the orc (D:5)
  12 bullfrogs
  2 gnoll sergeants
  A two-headed ogre simulacrum (IceCv)
  12 scorpions
  13 wights
  4 jellies
  Dowan (D:7)
  A killer bee (D:9)
  An electric eel (Spider:3)
  6 howler monkeys
  2 centaur zombies (Ossuary)
  3 hounds
  A human zombie (D:7)
  12 orc priests
  2 iguanas
  6 hell rats (Lair:1)
  45 orc wizards
  4 scorpion zombies (Ossuary)
  A spriggan simulacrum (IceCv)
  3 mummies (Ossuary)
  7 adders
  23 gnolls
  A shadow imp (D:8)
  2 white imps
  An ufetubus (D:7)
  2 worms
  A dart slug (D:2)
  84 orcs
  4 endoplasms
  5 giant cockroaches
  4 gnoll zombies (Ossuary)
  4 goblins
  8 hobgoblins
  12 jackals
  23 kobolds
  3 quokkas
  7 ball pythons
  8 bats
  3 frilled lizards
  A goblin zombie (Ossuary)
  2 hobgoblin zombies (Ossuary)
  A kobold zombie (Ossuary)
  3 orc zombies (Ossuary)
  5 rats
  A spectral orc (D:9)
  A butterfly (Lair:4)
937 creatures vanquished.

Vanquished Creatures (others)
  A redback (Spider:1)
  An orc wizard (Orc:2)
2 creatures vanquished.

Grand Total: 939 creatures vanquished

Notes
Turn   | Place    | Note
-------+----------+-------------------------------------------
     0 | D:1      | Flugkiller the Troll Shapeshifter began the quest for the
                  | Orb.
     0 | D:1      | Reached XP level 1. HP: 18/18 MP: 0/0
    35 | D:1      | Reached skill level 1 in Fighting
   198 | D:1      | Found Mushrag's Armour Boutique.
   318 | D:1      | Reached XP level 2. HP: 27/27 MP: 1/1
   793 | D:2      | Reached XP level 3. HP: 35/35 MP: 2/2
   980 | D:2      | Reached XP level 4. HP: 42/42 MP: 3/3
  1208 | D:3      | Found a bloodstained altar of Trog.
  1382 | D:3      | Reached XP level 5. HP: 47/50 MP: 4/4
  2105 | D:4      | Found a runed translucent gate.
  2107 | D:4      | Found a runed translucent gate.
  2107 | D:4      | Found an opulent altar of Gozag.
  2107 | D:4      | Found a runed translucent gate.
  2111 | D:4      | Noticed Vorhees's ghost (amateur GnHu)
  2182 | D:4      | Found a burning altar of Makhleb.
  2192 | D:4      | Noticed an ogre
  2203 | D:4      | Killed an ogre
  2204 | D:4      | Reached skill level 1 in Evocations
  2204 | D:4      | Reached XP level 6. HP: 36/61 MP: 5/5
  2310 | D:4      | Reached skill level 4 in Shapeshifting
  2450 | D:4      | Reached skill level 5 in Unarmed Combat
  2559 | D:4      | Found a stormy altar of Qazlal.
  2565 | D:4      | Found an ancient bone altar of Kikubaaqudgha.
  2570 | D:4      | Found a sparkling altar of Nemelex Xobeh.
  2594 | D:4      | Identified the +0 robe of the Valley {rCorr}
  2675 | D:4      | Found an ornate altar of the Wu Jian Council.
  2868 | D:4      | Reached XP level 7. HP: 64/67 MP: 6/6
  2875 | D:4      | Killed Vorhees's ghost
  2916 | D:5      | Entered Level 5 of the Dungeon
  3034 | D:5      | Noticed Blork the orc
  3040 | D:5      | Killed Blork the orc
  3102 | D:5      | Found a shimmering altar of Xom.
  3139 | D:5      | Reached XP level 8. HP: 78/78 MP: 7/7
  3289 | D:5      | Reached skill level 5 in Shapeshifting
  3531 | D:6      | Found a staircase to the Ecumenical Temple.
  3578 | Temple   | Entered the Ecumenical Temple
  3632 | Temple   | Became a worshipper of Uskayaw the Reveller
  3675 | D:6      | Reached * piety under Uskayaw
  3703 | D:6      | Reached ** piety under Uskayaw
  3712 | D:6      | Reached *** piety under Uskayaw
  3802 | D:6      | Reached skill level 5 in Fighting
  3973 | D:6      | Reached XP level 9. HP: 88/88 MP: 8/8
  4367 | D:7      | Found a sand-covered staircase.
  4387 | Ossuary  | Entered an ossuary
  4440 | Ossuary  | Reached skill level 6 in Shapeshifting
  4447 | Ossuary  | Reached **** piety under Uskayaw
  4462 | Ossuary  | Reached ***** piety under Uskayaw
  4920 | D:7      | Noticed Duvessa
  4922 | D:7      | Noticed Dowan
  4934 | D:7      | Killed Duvessa
  4935 | D:7      | Killed Dowan
  4962 | D:7      | Found Qunuhicw's Jewellery Shop.
  5300 | D:7      | Noticed Maggie
  5317 | D:7      | Killed Maggie
  5318 | D:7      | Reached skill level 7 in Shapeshifting
  5318 | D:7      | Reached XP level 10. HP: 71/90 MP: 9/9
  6307 | D:8      | Found a sacrificial altar of Ru.
  6328 | D:8      | Reached skill level 1 in Invocations
  6657 | D:9      | Paralysed by a hornet for 3 turns
  6934 | D:9      | Found a staircase to the Orcish Mines.
  7038 | D:9      | Noticed a two-headed ogre
  7047 | D:9      | Killed a two-headed ogre
  7194 | D:9      | Reached skill level 8 in Shapeshifting
  7216 | D:9      | Paralysed by a hornet for 1 turns
  7273 | D:9      | Reached XP level 11. HP: 101/109 MP: 12/12
  7334 | D:9      | Found a basalt altar of Yredelemnul.
  7445 | D:10     | Entered Level 10 of the Dungeon
  7562 | D:10     | Found a staircase to the Lair.
  7617 | D:10     | Identified the +11 falchion of Exoneration {freeze, Dex+2
                  | SInv Stlth+}
  7869 | D:10     | Noticed a two-headed ogre
  7877 | D:10     | Killed a two-headed ogre
  7878 | D:10     | Reached skill level 10 in Unarmed Combat
  8441 | D:11     | Reached skill level 5 in Invocations
  8548 | D:11     | Noticed a two-headed ogre
  8555 | D:11     | Killed a two-headed ogre
  8702 | D:11     | Found Qehaeman's Jewellery Shop.
  8887 | D:11     | Reached skill level 9 in Shapeshifting
  8909 | D:11     | Noticed a cyan ugly thing
  8944 | D:11     | Killed a cyan ugly thing
  9196 | Lair:1   | Entered Level 1 of the Lair of Beasts
  9236 | Lair:1   | Noticed a six-headed hydra
  9247 | Lair:1   | Killed a six-headed hydra
  9279 | Lair:1   | Noticed Gastronok
  9302 | Lair:1   | Killed Gastronok
  9303 | Lair:1   | Reached XP level 12. HP: 124/124 MP: 15/15
  9716 | Lair:1   | Noticed Urug
  9727 | Lair:1   | Killed Urug
  9728 | Lair:1   | Reached skill level 10 in Shapeshifting
  9866 | Lair:1   | Reached skill level 10 in Fighting
  9907 | Lair:1   | You are sucked into a shaft and drop 1 floor!
 10353 | Lair:2   | Reached skill level 11 in Shapeshifting
 10870 | Lair:2   | Reached skill level 12 in Shapeshifting
 11018 | Lair:2   | Found a hole to the Spider Nest.
 11292 | Lair:3   | Found a staircase to the Shoals.
 11332 | Lair:3   | Reached XP level 13. HP: 133/133 MP: 16/16
 12129 | Lair:3   | Got the Spellbook of the Door
 12324 | Lair:4   | Reached skill level 13 in Shapeshifting
 12335 | Lair:4   | Reached ****** piety under Uskayaw
 12614 | Lair:4   | Reached skill level 14 in Shapeshifting
 13222 | Lair:5   | Entered Level 5 of the Lair of Beasts
 13316 | Lair:5   | Paralysed by a hornet for 2 turns
 13317 | Lair:5   | HP: 9/199 [hornet (11)]
 13326 | Lair:5   | HP: 5/199 [harpy (12)]
 13499 | Lair:5   | Reached skill level 15 in Shapeshifting
 13601 | Lair:5   | Reached XP level 14. HP: 117/143 MP: 16/18
 13755 | Lair:5   | Identified the +4 trident of Duty {flame, Will+}
 14366 | Lair:5   | Found a staircase to the Slime Pits.
 14615 | D:11     | Bought a granite talisman for 1200 gold pieces
 14811 | D:12     | Noticed Xqipyl's ghost (journeyman GrFE)
 14827 | D:12     | Reached skill level 10 in Invocations
 15156 | D:12     | Found a runed translucent gate.
 15156 | D:12     | Found a runed translucent gate.
 15157 | D:12     | Found a runed translucent gate.
 15454 | D:13     | Found a frozen archway.
 15470 | IceCv    | Entered an ice cave
 16048 | D:13     | Found a gate to the Vaults.
 16371 | D:13     | Reached XP level 15. HP: 152/152 MP: 21/21
 16692 | D:14     | Reached skill level 5 in Evocations
 16807 | D:14     | You fall into a shaft and drop 1 floor!
 16807 | D:15     | Entered Level 15 of the Dungeon
 16869 | D:15     | Found Uwneh's Weapon Shoppe.
 16891 | D:15     | Found a white marble altar of Elyvilon.
 17301 | D:15     | Reached skill level 5 in Dodging
 17310 | D:15     | Found a staircase to the Depths.
 17472 | D:15     | Found a runed translucent gate.
 17473 | D:15     | Found a runed translucent gate.
 17474 | D:15     | Found a runed translucent gate.
 17575 | D:15     | Noticed Oxudiuje's ghost (journeyman HuFi)
 17694 | D:15     | Killed Oxudiuje's ghost
 17918 | D:14     | Found the +7 great mace "Firestarter" {flame, immolate,
                  | rFlCloud rF++}
 18870 | Orc:1    | Entered Level 1 of the Orcish Mines
 19084 | Orc:1    | Noticed Nergalle
 19093 | Orc:1    | Killed Nergalle
 19233 | Orc:1    | Found a shimmering blue altar of Sif Muna.
 19290 | Orc:2    | Entered Level 2 of the Orcish Mines
 19301 | Orc:2    | Reached XP level 16. HP: 162/162 MP: 22/22
 19426 | Orc:2    | Found a staircase to the Elven Halls.
 19642 | Orc:2    | Found Siutim's Armour Shoppe.
 19658 | Orc:2    | Found Ducecoq's Antique Weapon Boutique.
 19765 | Orc:2    | Found Uduureq's Armour Shoppe.
 19792 | Orc:2    | Found Giudgh's Antique Armour Boutique.
 20092 | D:7      | Bought a +5 ring of evasion for 504 gold pieces
 20229 | Spider:1 | Entered Level 1 of the Spider Nest
 20644 | Spider:1 | Reached skill level 16 in Shapeshifting
 20965 | Spider:2 | Noticed Arachne
 20982 | Spider:2 | Killed Arachne
 21117 | Spider:2 | Noticed Azrael
 21132 | Spider:2 | Killed Azrael
 21583 | Spider:2 | Identified the -2 kite shield of Experimentation {Regen+}
 21583 | Spider:2 | Noticed Asterion
 21591 | Spider:2 | Killed Asterion
 21859 | Spider:2 | Reached skill level 1 in Shields
 22525 | Spider:3 | Reached XP level 17. HP: 175/175 MP: 23/23
 22700 | Spider:4 | Entered Level 4 of the Spider Nest
 22700 | Spider:4 | Noticed Louise
 22754 | Spider:4 | Killed Louise
 22936 | Spider:4 | Reached skill level 5 in Shields
 23140 | Spider:4 | Lost intelligence.
 23154 | Spider:4 | HP: 10/227 [tarantella (17)]
 23154 | Spider:4 | Mangled by a ghost moth

Illustrated notes

Levels and vault maps discovered:
D:1:      eino_arrival_tree_alley, layout_loops_ring, serial_shops,
          nicolae_diamond_shop, nrook_campfire
D:2:      layout_rooms, minmay_quantized
D:3:      layout_loops_ring, mainiacjoe_overflow_six_doors_small
D:4:      layout_basic, pdpol_wu_jian_five_deadly_venoms,
          mainiacjoe_overflow_boulevard, minmay_overflow_temple_star_quad,
          ebering_ghost_gozag
D:5:      layout_rooms, overflow_temple_1_default,
          chequers_serial_rivers_micro_a, uniq_blork_the_orc
D:6:      layout_loops_ring, minmay_temple_entry_large_hall
D:7:      layout_layer_cave, serial_shops, nicolae_shop_advertising_works
          [nicolae_subvault_shop_adworks], enter_ossuary_3, uniq_duvessa,
          uniq_maggie
D:8:      layout_gridville, hangedman_ru_absence, chequers_garden
D:9:      layout_basic, yredelemnul_forgotten_temple_becter,
          minmay_orc_entry_temple_small, chequers_hall_statues_wall_a,
          kennysheep_generic_room_10
D:10:     layout_gridville, due_lair_maze_entry_diamond
D:11:     layout_basic, serial_shops, shop, minivault_19
D:12:     layout_roguey, maelrawn_ghost_gauntlet_escape
D:13:     layout_grid_maze, david_vaults_4, portal_ice_cave_rime
D:14:     minmay_firetagon, layout_loops_ring, serial_rivers,
          chequers_serial_rivers_large_b, chequers_serial_rivers_small_b,
          chequers_serial_rivers_room_a, chequers_serial_rivers_micro_c,
          chequers_serial_rivers_small_b, chequers_serial_rivers_micro_d,
          amcnicky_mini_rare_corridor_liquid
D:15:     gammafunk_enter_depths_forms, layout_stronghold,
          gammafunk_ghost_spectres, serial_shops, nicolae_shop_back_alley_shop,
          minmay_misc_feat_doors, elyvilon_altar_5
Temple:   dshaligram_water_room_temple
Lair:1:   layout_chaotic_city, minivault_19, grunt_forest_large_clearings,
          serial_bayou_shore_b, uniq_gastronok, uniq_urug
Lair:2:   layout_regular_city, dummy_spider_entry, minivault_19
Lair:3:   layout_hall_layers, elwin_shoals_entry_stream
Lair:4:   layout_long_grid, nicolae_lair_yak_garden, lemuel_fruit_fields,
          grunt_megastairs_4
Lair:5:   gammafunk_lair_ancient_temple, layout_gridlike,
          minmay_slime_entry_oklob_open, serial_bayou_shore_a,
          infiniplex_staircase_pool_2
Spider:1: layout_spider_delve, hangedman_spider_tarantella_strand
Spider:2: layout_chambers, uniq_arachne, uniq_asterion, uniq_azrael
Spider:3: layout_spider_delve, nicolae_spider_jagged_tunnels
Spider:4: johnstein_spider_rune_arachne_lair, uniq_louise
Orc:1:    layout_caves, serial_shops, shop, kennysheep_orc_sif_temple,
          uniq_nergalle, uniq_fannar
Orc:2:    st_orc_town, layout_diamond_mine

Skill      XL: |  1  2  3  4  5  6  7  8  9 10 11 12 13 14 15 16 17 |
---------------+----------------------------------------------------+-----
Fighting       | 1 2 3 4 5 6 7 9 10 11 12 | 12.6
Unarmed Combat | 4 5 6 8 9 10 11 13 | 13.5
Evocations     | 1 2 3 4 6 7 |  7.0
Shapeshifting  | 4 5 7 8 9 12 15 16 | 16.3
Invocations    | 3 6 10 | 10.0
Dodging        | 3 5 6 |  6.3
Shields        | 4 5 |  5.2

Action                     |  1- 3 |  4- 6 |  7- 9 | 10-12 | 13-15 | 16-18 || total
---------------------------+-------+-------+-------+-------+-------+-------++-------
  Melee: Unarmed           |   103 |   107 |   287 |   470 |   749 |   532 ||  2248
         Punch             |     3 |     3 |     7 |     3 |    27 |    17 ||    60
         Constrict         |       |       |       |    71 |    65 |       ||   136
 Invoke: Stomp             |       |       |       |     3 |     7 |     4 ||    14
         Line Pass         |       |       |       |       |       |     1 ||     1
  Evoke: Wand              |       |       |       |       |    16 |     5 ||    21
         Phantom mirror    |       |       |       |       |       |     1 ||     1
    Use: Scroll            |       |       |    13 |     3 |    10 |    12 ||    38
         Potion            |       |       |     1 |     7 |    10 |     6 ||    24
   Stab: Sleeping          |     1 |       |       |       |     5 |     4 ||    10
         Paralysed         |       |       |     9 |    35 |    66 |    32 ||   142
         Petrified         |       |       |       |       |     4 |       ||     4
         Petrifying        |       |       |       |       |     1 |       ||     1
         Distracted        |       |       |       |       |       |     2 ||     2
 Armour: Animal skin       |    54 |    34 |     2 |       |       |       ||    90
         Fire dragon scale |       |       |   136 |    62 |       |       ||   198
         Skin              |       |       |       |    93 |   622 |   671 ||  1386
  Dodge: Dodged            |    50 |    51 |   117 |   158 |   447 |   850 ||  1673
         Repelled          |       |       |       |       |     3 |    12 ||    15
  Block: Kite shield       |       |       |       |       |       |   142 ||   142
         Tower shield      |       |       |       |       |       |    37 ||    37
   Form: Anaconda          |       |       |       |     2 |       |       ||     2
         Beast             |       |       |       |     1 |       |       ||     1
         Statue            |       |       |       |       |     1 |       ||     1

Table legend: (Time is in decaauts)
 A = Elapsed time spent in this place.
 B = Non-inter-level travel time spent in this place.
 C = Inter-level travel time spent in this place.
 D = Time resting spent in this place.
 E = Time spent auto-exploring this place.
 F = Levels seen in this place.
 G = Mean time per level.
                   A        B        C        D        E       F      G
               +--------+--------+--------+--------+--------+-----+--------+
         Total |  26986 |  24951 |   2035 |   3099 |  16138 |  29 |  930.6 |
       Dungeon |  15076 |  13657 |   1419 |   1457 |   9445 |  15 | 1005.1 |
        Temple |     63 |     55 |      8 |     21 |      0 |   1 |   63.0 |
          Lair |   5375 |   5037 |    338 |   1038 |   2984 |   5 | 1075.0 |
   Spider Nest |   4284 |   4139 |    145 |    463 |   2448 |   4 | 1071.0 |
  Orcish Mines |   1327 |   1204 |    123 |      0 |    900 |   2 |  663.5 |
       Ossuary |    258 |    258 |      0 |      0 |    109 |   1 |  258.0 |
      Ice Cave |    599 |    599 |      0 |    120 |    251 |   1 |  599.0 |
               +--------+--------+--------+--------+--------+-----+--------+

Top non-repeatable levels by time:
Spider:2: 1788 daAuts
    D:13: 1581 daAuts
    D:14: 1513 daAuts
    D:11: 1458 daAuts
    D:15: 1379 daAuts
Spider:3: 1278 daAuts
     D:7: 1272 daAuts
  Lair:4: 1099 daAuts
  Lair:2: 1096 daAuts
  Lair:1: 1084 daAuts
  Lair:3: 1062 daAuts
  Lair:5: 1034 daAuts
     D:9: 1032 daAuts
    D:12: 1032 daAuts
     D:4: 1005 daAuts
